 Dungeon Crawl Stone Soup version 0.16-a0-327-gbff0e38 (webtiles) character file.

2338 Ratboiler the Conjurer (level 9, -1/59 HPs)
             Began as an Octopode Conjurer on Sept 5, 2014.
             Was a Believer of Vehumet.
             Slain by a gnoll
             ... wielding a +0 spear
              (11 damage)
             ... on Level 7 of the Dungeon.
             The game lasted 00:41:18 (9885 turns).

Ratboiler the Conjurer (Octopode Conjurer)          Turns: 9885, Time: 00:41:19

HP  -1/59        AC  1     Str 10      XL: 9   Next: 43%
MP  16/20        EV 13     Int 21      God: Vehumet [**....]
Gold 283         SH  0     Dex 12      Spells:  5 memorised,  1 level left

rFire  . . .     SeeInvis .     a - +0 lajatang
rCold  . . .     Clarity  .     (no shield)
rNeg   . . .     rCorr    .     (helmet restricted)
rPois  .         rRot     .     (no amulet)
rElec  .         Spirit   .     f - ring of wizardry
SustAb .         Warding  .     n - +3 ring of strength
rMut   .         Stasis   .     (no ring)
Gourm  .                        (no ring)
MR     .....                    (no ring)
                                (no ring)
                                (no ring)
                                (no ring)

@: drained, not resistant to hostile enchantments, stealthy
A: almost no armour, amphibious, 8 rings, constrict 8, camouflage 1, gelatinous
body 1
a: Renounce Religion


You were on level 7 of the Dungeon.
You worshipped Vehumet.
Vehumet was pleased with you.
You were hungry.

You visited 1 branch of the dungeon, and saw 7 of its levels.

You collected 343 gold pieces.
You spent 60 gold pieces at shops.

Inventory:

Hand weapons
 a - a +0 lajatang (weapon)
 b - a +0 blowgun
 j - the +3 dagger of Vualoir {stab, rPois rF++ rC+, unknown}
   (You found it on level 6 of the Dungeon)

   It inflicts extra damage upon your enemies.
   It greatly protects you from fire.
   It protects you from cold.
   It protects you from poison.
Missiles
 u - 48 poisoned needles
Comestibles
 e - 6 bread rations
 x - a royal jelly
 C - a chunk of worker ant flesh
 D - a slice of pizza
 G - a rotting chunk of worker ant flesh
 H - 3 chunks of hobgoblin flesh
Scrolls
 d - 2 scrolls of amnesia
 g - a scroll of enchant weapon {unknown}
 i - a scroll of noise
 k - a scroll of immolation {unknown}
 r - a scroll of random uselessness {unknown}
 s - 2 scrolls of teleportation
 v - a scroll of remove curse {unknown}
 y - a scroll of fear {unknown}
 E - a scroll of fog {unknown}
 F - a scroll of blinking {unknown}
Jewellery
 f - a ring of wizardry (left tentacle)
 l - an uncursed amulet of stasis
 n - a +3 ring of strength (right tentacle)
 B - an uncursed ring of ice
Potions
 h - a potion of invisibility
 m - a potion of restore abilities
 o - 2 potions of brilliance
 p - a potion of cancellation
 q - a potion of mutation
 t - 3 potions of curing
 w - a potion of heal wounds
 z - a potion of lignification
 A - a potion of haste {unknown}
Books
 c - a book of Conjurations

   Spells                             Type                      Level
   *Magic Dart                        Conjuration                  1
   Searing Ray                        Conjuration                  2
   *Dazzling Spray                    Conjuration/Hexes            3
   Fulminant Prism                    Conjuration/Hexes            4
   *Iskenderun's Mystic Blast         Conjuration                  4
   *Iskenderun's Battlesphere         Conjuration/Charms           5


   Skills:
 + Level 4.3(3.5) Fighting
 + Level 4.6(3.8) Dodging
 + Level 6.6(5.7) Stealth
 + Level 4.6(3.7) Spellcasting
 * Level 8.8(7.8) Conjurations
 * Level 3.3(2.4) Charms


You had one spell level left.
You knew the following spells:

 Your Spells              Type           Power        Failure   Level  Hunger
a - Magic Dart            Conj           ####         1%          1    None
b - Iskenderun's Mystic   Conj           #####...     2%          4    ####...
c - Dazzling Spray        Conj/Hex       ###.....     4%          3    ###....
d - Iskenderun's Battles  Conj/Chrm      ####....     17%         5    #####..
e - Mephitic Cloud        Conj/Pois/Air  ##......     6%          3    ###....


Dungeon Overview and Level Annotations

Branches:
Dungeon (7/15)             Temple (0/1) D:6

Altars:
Ashenzari
Dithmenos
Elyvilon
Gozag
Qazlal
Sif Muna
Trog
Vehumet
Yredelemnul
Jiyva

Shops:
D:6 *


Innate Abilities, Weirdness & Mutations

You cannot wear most types of armour.
You are amphibious.
You can wear up to eight rings at the same time.
You can use your tentacles to constrict many enemies at once.
Your skin changes colour to match your surroundings (Stealth).
Your rubbery body absorbs attacks (AC +1).


Message History

The orb of energy hits the gnoll.
You kill the gnoll!
Vehumet accepts your kill.
You feel your power returning.
You are feeling hungry.
The gnoll throws a throwing net.
The throwing net hits you.
You become entangled in the net!
You slice into the net. The gnoll barely misses you.
You try to slip out of the net.
The gnoll hits you from afar with a spear!
The gnoll hits you!
You slice the net and break free! The gnoll barely misses you.
The gnoll barely misses you.
Unknown command.
The gnoll hits you from afar with a spear!
* * * LOW HITPOINT WARNING * * *
The gnoll hits you.
* * * LOW HITPOINT WARNING * * *
The gnoll hits you from afar with a spear!
You die...

####### ###
################.....#####..
...........@...#.....#...'..
..........g.#...#.....#...#..
..........g.#...#.....'...#..
........%)..#...+.....#...#..
#####+#####'######'#.....###.#..
#..........................#.###
#..........................#....
#..........................#....
#................).........#....


You could see 2 gnolls.

Vanquished Creatures
  Eustachio (D:5)
  An ice beast (D:5)
  2 phantoms (D:6)
  2 sky beasts
  An ogre (D:5)
  2 centaurs (D:5)
  Duvessa (D:6)
  4 giant frogs
  A big kobold (D:4)
  A scorpion (D:5)
  A jelly (D:5)
  4 crimson imps
  Dowan (D:6)
  An orc priest (D:4)
  An iron imp (D:5)
  2 hounds (D:4)
  A gnoll shaman (D:5)
  Natasha (thrice) (D:3)
  3 worker ants
  6 orc wizards
  A crocodile zombie (D:6)
  Ijyb (D:3)
  A sky beast zombie (D:5)
  A hound zombie (D:6)
  Terence (D:3)
  A worker ant zombie (D:6)
  8 adders
  15 gnolls
  A giant mite (D:3)
  4 worms
  An ufetubus (D:5)
  An iguana zombie (D:5)
  5 giant geckos
  5 oozes
  14 orcs
  8 giant cockroaches
  5 goblins
  17 hobgoblins
  3 jackals (D:3)
  A quokka (D:3)
  16 bats
  3 giant newts
  A giant newt skeleton (D:5)
  A giant spore (D:4)
  32 kobolds
  A kobold skeleton (D:4)
  An orc skeleton (D:4)
  7 rats
  8 ballistomycetes
  A plant (D:4)
204 creatures vanquished.

Vanquished Creatures (others)
  A giant spore (D:6)
  A plant (D:4)
2 creatures vanquished.

Grand Total: 206 creatures vanquished

Notes
Turn   | Place    | Note
--------------------------------------------------------------
     0 | D:1      | Ratboiler, the Octopode Conjurer, began the quest for the Orb.
     0 | D:1      | Reached XP level 1. HP: 11/11 MP: 3/3
   229 | D:1      | Reached XP level 2. HP: 15/17 MP: 0/4
   904 | D:2      | Reached XP level 3. HP: 21/21 MP: 0/6
   937 | D:2      | Reached skill level 5 in Conjurations
  1091 | D:2      | Found a bloodstained altar of Trog.
  1362 | D:2      | Reached XP level 4. HP: 27/27 MP: 5/7
  1368 | D:2      | Learned a level 4 spell: Iskenderun's Mystic Blast
  2012 | D:3      | Noticed Terence
  2173 | D:3      | Killed Terence
  3044 | D:3      | Reached XP level 5. HP: 32/32 MP: 0/9
  3095 | D:3      | Learned a level 3 spell: Dazzling Spray
  3142 | D:3      | Noticed Ijyb
  3150 | D:3      | Killed Ijyb
  3252 | D:3      | Noticed Natasha
  3259 | D:3      | Killed Natasha
  3328 | D:3      | Found a radiant altar of Vehumet.
  3338 | D:3      | Became a worshipper of Vehumet
  3349 | D:3      | Reached skill level 6 in Conjurations
  3543 | D:3      | Noticed Natasha
  3545 | D:3      | Killed Natasha
  3545 | D:3      | Reached skill level 1 in Fighting
  3587 | D:3      | Noticed Natasha
  3587 | D:3      | Killed Natasha
  4135 | D:4      | Reached XP level 6. HP: 32/38 MP: 3/11
  4304 | D:4      | Acquired Vehumet's first power
  4304 | D:4      | Offered knowledge of Shock by Vehumet.
  5055 | D:4      | Reached XP level 7. HP: 44/44 MP: 2/14
  5735 | D:5      | Entered Level 5 of the Dungeon
  5803 | D:5      | Found a viscous altar of Jiyva.
  6020 | D:4      | Reached skill level 5 in Stealth
  6020 | D:4      | Reached skill level 7 in Conjurations
  6476 | D:5      | Found a shattered altar of Ashenzari.
  6477 | D:5      | Found a deep blue altar of Sif Muna.
  6478 | D:5      | Found a shadowy altar of Dithmenos.
  6480 | D:5      | Found a white marble altar of Elyvilon.
  6510 | D:5      | Reached XP level 8. HP: 32/51 MP: 10/17
  6514 | D:5      | Offered knowledge of Sting by Vehumet.
  6940 | D:5      | Learned a level 5 spell: Iskenderun's Battlesphere
  7050 | D:5      | Found a basalt altar of Yredelemnul.
  7424 | D:5      | Found an opulent altar of Gozag.
  7451 | D:5      | Noticed Eustachio
  7815 | D:5      | Reached skill level 8 in Conjurations
  7815 | D:5      | Reached skill level 1 in Charms
  7960 | D:5      | Killed Eustachio
  7960 | D:5      | Reached XP level 9. HP: 27/58 MP: 3/20
  8230 | D:6      | Got a jewelled dagger
  8435 | D:6      | Found a staircase to the Ecumenical Temple.
  8734 | D:6      | Found Ipeoduc's General Store.
  8743 | D:6      | Bought a scroll of identify for 24 gold pieces
  8743 | D:6      | Bought a scroll of teleportation for 36 gold pieces
  8789 | D:6      | Found a stormy altar of Qazlal.
  8901 | D:6      | Offered knowledge of Mephitic Cloud by Vehumet.
  9260 | D:6      | Noticed Dowan
  9262 | D:6      | Noticed Duvessa
  9269 | D:6      | Killed Dowan
  9274 | D:6      | Killed Duvessa
  9274 | D:6      | Acquired Vehumet's second power
  9728 | D:7      | Learned a level 3 spell: Mephitic Cloud
  9885 | D:7      | Slain by a gnoll

Action                   |  1- 3 |  4- 6 |  7- 9 || total
-------------------------+-------+-------+-------++-------
Melee: Unarmed           |    29 |   104 |       ||   133
       Lajatang          |       |    17 |   138 ||   155
 Cast: Magic Dart        |    42 |   135 |   129 ||   306
       Iskenderun's Myst |       |     6 |    55 ||    61
       Dazzling Spray    |       |       |     6 ||     6
       Iskenderun's Batt |       |       |     1 ||     1
  Use: Scroll            |       |     7 |     4 ||    11
 Stab: Sleeping          |     1 |     2 |     3 ||     6
       Invisible         |       |       |     1 ||     1
  Eat: Chunk             |     2 |    12 |    13 ||    27
       Beef jerky        |       |     1 |     1 ||     2
       Fruit             |       |       |     6 ||     6
       Meat ration       |       |       |     1 ||     1
